Map: Orbital Shipyard

Players

IncaKola

  • Race: Protoss Protoss

Boombox - Winner!

  • Race: Protoss Protoss
  • League: Grandmaster

Event: NationWars III

VOD

Have the link to the VOD?

Description

Time

  • Played on: Nov. 22, 2015, 11:52 a.m.
  • Length: 8:52
Show
View Real Time Build Order
Export as new Build Order

IncaKola Protoss 

Build Orders:  

Get SALT Encoding   

  12  0:01  Probe (Chrono Boost)  
  13  0:11  Probe (Chrono Boost)  
  14  0:18  Pylon  
  14  0:23  Probe (Chrono Boost)  
  15  0:36  Probe (Chrono Boost)  
  15  0:37  Gateway  
  16  0:46  Probe (Chrono Boost)  
  16  0:47  Assimilator  
  18  0:57  Probe (Chrono Boost)  
  18  1:04  Gateway  
  18  1:07  Probe (Chrono Boost)  
  19  1:18  Probe (Chrono Boost)  
  20  1:21  Assimilator  
  20  1:25  Cybernetics Core  
  20  1:30  Probe (Chrono Boost)  
  21  1:39  Pylon  
  21  1:41  Probe (Chrono Boost)  
  22  1:55  Pylon  
  22  1:58  Probe (Chrono Boost)  
  23  2:05  Adept x2  
  23  2:06  Warp Gate (Chrono Boost)  
  27  2:09  Probe  
  27  2:10  Pylon  
  28  2:36  Robotics Facility  
  28  2:38  Adept  
  28  2:39  Adept  
  32  3:04  Pylon  
  32  3:07  Adept x2  
  33  3:30  Warp Prism (Chrono Boost)  
  35  3:38  Gateway  
  35  3:44  Gateway  
  35  3:57  Probe  
  34  4:07  Stalker  
  34  4:08  Stalker  
  38  4:14  Observer (Chrono Boost), Pylon  
  39  4:25  Pylon  
  39  4:36  Probe  
  40  5:00  Stalker x2  
  40  5:04  Zealot  
  32  5:15  Probe  
  32  5:19  Immortal (Chrono Boost)  
  35  5:27  Probe  
  36  5:37  Twilight Council  
  36  5:39  Probe  
  37  5:43  Sentry  
  37  5:48  Nexus  
  39  5:55  Immortal (Chrono Boost)  
  42  6:07  Sentry  
  42  6:08  Zealot  
  42  6:09  Stalker  
  48  6:27  Stalker  
  48  6:32  Immortal (Chrono Boost)  
  54  6:55  Pylon  
  54  6:56  Pylon  
  54  7:00  Probe  
  54  7:01  Probe, Charge (Chrono Boost)  
  55  7:06  Observer (Chrono Boost)  
  57  7:12  Probe x2  
  55  7:34  Probe  
  55  7:35  Immortal (Chrono Boost)  
  55  7:36  Zealot x2  
  62  7:37  Probe  
  63  7:45  Zealot  
  63  7:46  Probe  
  66  7:51  Zealot  
  68  7:59  Probe  
  69  8:06  Gateway  
  69  8:07  Gateway  
  69  8:11  Zealot x2  
  73  8:19  Zealot  
  61  8:27  Zealot  
  51  8:41  Zealot x3  
Show
View Real Time Build Order
Export as new Build Order

Boombox Protoss - Winner!

Build Orders: Nexus First 

Get SALT Encoding   

  12  0:01  Probe (Chrono Boost)  
  13  0:11  Probe (Chrono Boost)  
  14  0:18  Pylon  
  14  0:22  Probe (Chrono Boost)  
  15  0:36  Probe (Chrono Boost)  
  16  0:47  Probe (Chrono Boost)  
  17  0:56  Nexus  
  17  1:06  Gateway  
  17  1:10  Probe (Chrono Boost)  
  18  1:18  Assimilator  
  18  1:20  Probe (Chrono Boost)  
  18  1:23  Assimilator  
  19  1:31  Probe (Chrono Boost)  
  20  1:37  Gateway  
  20  1:43  Probe (Chrono Boost)  
  21  1:54  Probe (Chrono Boost)  
  22  1:56  Cybernetics Core  
  22  2:04  Probe (Chrono Boost)  
  23  2:09  Probe (Chrono Boost)  
  23  2:15  Probe (Chrono Boost)  
  25  2:19  Probe (Chrono Boost)  
  26  2:25  Probe (Chrono Boost)  
  26  2:29  Probe (Chrono Boost)  
  28  2:32  Adept x2 (Chrono Boost)  
  28  2:33  Warp Gate (Chrono Boost)  
  28  2:37  Mothership Core  
  33  2:41  Probe  
  33  2:43  Pylon  
  34  2:49  Pylon  
  34  2:52  Probe  
  34  2:58  Probe  
  36  2:59  Adept  
  36  3:05  Adept (Chrono Boost)  
  40  3:15  Robotics Facility  
  40  3:20  Probe  
  40  3:21  Probe  
  42  3:36  Stalker (Chrono Boost)  
  42  3:37  Stalker (Chrono Boost), Pylon  
  44  3:44  Probe x2  
  46  3:49  Gateway  
  46  3:59  Gateway  
  45  4:03  Immortal (Chrono Boost)  
  48  4:14  Sentry (Chrono Boost)  
  48  4:16  Pylon  
  50  4:20  Pylon  
  50  4:22  Probe x2  
  52  4:31  Gateway  
  52  4:35  Immortal  
  52  4:38  Zealot  
  52  4:42  Probe  
  59  4:49  Sentry  
  61  4:53  Pylon  
  61  4:58  Stalker, Zealot  
  65  5:02  Probe  
  65  5:03  Probe  
  67  5:14  Probe  
  67  5:15  Probe  
  67  5:18  Assimilator x2  
  69  5:21  Stalker, Twilight Council  
  69  5:27  Probe x2  
  73  5:32  Observer  
  73  5:33  Forge  
  74  5:39  Probe x2  
  76  5:48  Pylon  
  76  5:51  Probe x2, Pylon  
  78  6:01  Warp Prism  
  78  6:03  Nexus  
  78  6:06  Probe  
  78  6:09  Blink  
  81  6:11  Protoss Ground Weapons Level 1  
  81  6:13  Probe  
  81  6:18  Probe  
  83  6:26  Probe  
  83  6:30  Probe  
  85  6:34  Immortal  
  85  6:37  Pylon  
  85  6:38  Probe  
  90  6:42  Probe  
  91  6:50  Probe  
  92  6:54  Probe  
  92  7:01  Gateway  
  93  7:02  Probe  
  93  7:03  Gateway  
  93  7:06  Stalker x3, Probe  
  101  7:14  Probe x2  
  102  7:18  Probe  
  104  7:25  Probe  
  104  7:26  Probe  
  104  7:30  Probe  
  104  7:35  Assimilator  
  104  7:36  Stalker, Gateway  
  106  7:37  Gateway, Zealot  
  106  7:39  Pylon  
  106  7:41  Assimilator  
  106  7:42  Templar Archives  
  108  7:44  Stalker x2  
  112  7:52  Stalker  
  114  7:59  Robotics Bay  
  114  8:00  Stalker  
  114  8:01  Stalker  
  118  8:10  Probe  
  119  8:23  Zealot x3  
  119  8:24  Zealot  
  121  8:32  Probe  
  121  8:33  Probe x2  
  120  8:37  Stalker x3  
  120  8:44  Nexus  
Tags
 
Add a new tag
Caveats
  • Supply blocks, unpowered buildings, or Contaminate may cause inaccurate times.
  • Supply counts are checked every 10 seconds.